 Dungeon Crawl Stone Soup version 0.30-a0-243-gaa749bd8e4 (webtiles) character file.

Game seed: 3288901009074677560

63 BritishOli the Trooper (level 3, -16/30 HPs)
             Began as a Demonspawn Fighter on Oct 12, 2022.
             Demolished by Crazy Yiuf
             ... wielding a +4 quarterstaff of chaos
              (17 damage)
             ... on level 2 of the Dungeon.
             The game lasted 00:02:00 (2252 turns).

BritishOli the Trooper (Demonspawn Fighter)         Turns: 2252, Time: 00:02:02

Health: -16/30     AC: 11    Str: 18    XL:     3   Next: 87%
Magic:  0/3        EV:  9    Int:  9    God:
Gold:   71         SH:  5    Dex: 17    Spells: 2/2 levels left

rFire   + . .      SeeInvis +    a - +0 long sword
rCold   x . .      Faith    .    c - +0 buckler
rNeg    . . .      Spirit   .    b - +0 scale mail
rPois   .          Reflect  .    k - +2 helmet
rElec   .          Harm     .    (no cloak)
rCorr   .          Rampage  .    (no gloves)
Will    .....                    (no boots)
Stlth   ..........               (no amulet)
HPRegen 0.25/turn                m - ring of Fun {Fire Will- Dex+5}
MPRegen 0.08/turn                r - ring of see invisible

@: lethally poisoned (-16 -> -19)
A: hooves 1, slimy green scales 1
a: no special abilities


You were on level 2 of the Dungeon.
You visited 1 branch of the dungeon, and saw 2 of its levels.

You collected 71 gold pieces.

Inventory:

Hand Weapons
 a - a +0 long sword (weapon)
Armour
 b - a +0 scale mail (worn)
 c - a +0 buckler (worn)
 k - a +2 helmet (worn)
Jewellery
 m - the ring of Fun (left hand) {Fire Will- Dex+5}
   (You found it on level 2 of the Dungeon)

   [ring of fire]

   It enhances your fire magic.
   Dex:       It affects your dexterity (+5).
   rF:        It protects you from fire.
   rC:        It makes you vulnerable to cold.
   Will:      It decreases your willpower.
 r - a ring of see invisible (right hand)
Scrolls
 e - 2 scrolls of identify {unknown}
 f - a scroll of enchant weapon {unknown}
 h - 3 scrolls of vulnerability {unknown}
 j - 2 scrolls of magic mapping {unknown}
 o - a scroll of teleportation {unknown}
 q - a scroll of enchant armour {unknown}
 s - a scroll of immolation {unknown}
 u - a scroll of fear {unknown}
Potions
 d - a potion of might
 g - a potion of lignification {unknown}
 i - 3 potions of curing {unknown}
 l - a potion of brilliance {unknown}
 n - a potion of flight {unknown}
 p - a potion of cancellation {unknown}
 t - a potion of attraction {unknown}
 v - a potion of resistance


   Skills:
 + Level 3.7 Fighting
 + Level 2.6 Long Blades
 - Level 3.0 Armour
 - Level 3.0 Shields


You had 2 spell levels left.
You didn't know any spells.
Your spell library contained the following spells:

 Spells                   Type           Power      Damage    Failure   Level
 Dazzling Flash           Conj/Hex       0%         N/A       99%         3
 Hailstorm                Conj/Ice       0%         3d3       99%         3
 Ice Form                 Ice/Tmut       0%         N/A       100%        4
 Iskenderun's Mystic Bla  Conj/Tloc      0%         2d3       100%        4
 Simulacrum               Ice/Necr       0%         N/A       100%        6
 Starburst                Conj/Fire      0%         6d3       100%        6


Dungeon Overview and Level Annotations

Branches:
Dungeon (2/15)

Altars:

Annotations:
D:2 Crazy Yiuf


Innate Abilities, Weirdness & Mutations

You have large cloven feet.
You are partially covered in slimy green scales. (AC +2)


Message History

Could not explore, unopened runed door.
No reachable target in view!
No reachable target in view!
Could not explore, unopened runed door.
No reachable target in view!
Could not explore, unopened runed door.
No reachable target in view!
No reachable target in view!
You open the door. Crazy Yiuf barely misses you.
There is an open translucent door here.
You hit Crazy Yiuf. Your kick misses Crazy Yiuf.
Crazy Yiuf is moderately wounded.
Crazy Yiuf grits, "Gum cower ragdoll!"
You block Crazy Yiuf's attack.
You hit Crazy Yiuf. You kick Crazy Yiuf, but do no damage.
Crazy Yiuf is moderately wounded.
Crazy Yiuf laughs, "Fire snail koolooloo!"
Crazy Yiuf hits you but does no damage.
You are poisoned.
You slash Crazy Yiuf!
Crazy Yiuf is severely wounded.
You feel very sick.
Crazy Yiuf grits, "Goober!
Orb dark bush."
Crazy Yiuf hits you with a +4 quarterstaff of chaos!
Ouch! That really hurt!
You feel your power leaking away.
Crazy Yiuf says, "Crazy?
Crazy!?
PORCUPINE!"
Crazy Yiuf hits you but does no damage.
You closely miss Crazy Yiuf.
Crazy Yiuf is severely wounded.
You feel sick. You block Crazy Yiuf's attack.
You hit Crazy Yiuf.
Crazy Yiuf is almost dead.
You feel sick.
Crazy Yiuf hits you with a +4 quarterstaff of chaos!
* * * LOW HITPOINT WARNING * * *
You are electrocuted!
Ouch! That really hurt!
You die...

# #..#.##.## #....# #.#
#.# # #........# ♣....♣
#.# #.# # ##.......#
♣..♣♣♣ #.# #.#
####.#.##.## ♣♣.♣ #.#
#.# ..........# ♣.♣♣
#.# #.# ####......#
♣♣.♣ #.# #.# # #......#
♣.♣♣ #.# #.#
####......# ♣♣.♣ #.#
#.# .......##.# #@# #.#
#.# .###..###.# #.g.#
#.# #.# ###...# #.#
#...# #.# #.#
#8#...###.## #..)#
#########.#
...........# #####
#.........#
(..........#
###########
..........###### ###
#8#...###.##...# #.#
###............######.#


You could see Crazy Yiuf.

Vanquished Creatures
  Robin (D:2)
  A dart slug (D:2)
  A ball python (D:1)
  3 bats
  3 endoplasms (D:1)
  A giant cockroach (D:1)
  16 goblins
  7 hobgoblins
  A jackal (D:1)
  3 kobolds (D:1)
  2 frilled lizards (D:1)
  5 rats
44 creatures vanquished.

Notes
Turn   | Place    | Note
-------+----------+-------------------------------------------
     0 | D:1      | BritishOli the Demonspawn Fighter began the quest for the
                  | Orb.
     0 | D:1      | Reached XP level 1. HP: 18/18 MP: 1/1
   291 | D:1      | Gained mutation: You are partially covered in slimy green
                  | scales. (AC +2) [demonic ancestry]
   291 | D:1      | Reached XP level 2. HP: 24/24 MP: 2/2
   869 | D:1      | Gained mutation: You have large cloven feet. [demonic
                  | ancestry]
   869 | D:1      | Reached XP level 3. HP: 29/29 MP: 3/3
  1127 | D:2      | Noticed Robin
  1165 | D:2      | Killed Robin
  1311 | D:2      | Identified the ring of Fun {Fire Will- Dex+5}
  1765 | D:2      | Found a runed translucent door.
  1766 | D:2      | Noticed Crazy Yiuf
  2252 | D:2      | HP: 1/30 [Crazy Yiuf/+4 quarterstaff of chaos (7)]
  2252 | D:2      | Demolished by Crazy Yiuf

Illustrated notes

Levels and vault maps discovered:
D:1:      dpeg_arrival_morbid_curiosity, layout_loops_corners,
          minmay_misc_feat_roman, minmay_misc_feat_tower, minmay_tetromino_i4
D:2:      layout_basic, chequers_hall_statues_y, uniq_crazy_yiuf_cottage,
          uniq_robin

Skill      XL: |  1  2 |
---------------+-------+-----
Long Blades    | 2 |  2.6
Shields        | 3 |  3.0
Armour         | 3 |  3.0
Fighting       | |  3.7

Action                   || total
-------------------------++-------
Melee: Long sword        ||   139
       Kick              ||    13
Armor: Scale mail        ||   110
Dodge: Dodged            ||    81
Block: Buckler           ||    43

Table legend: (Time is in decaauts)
 A = Elapsed time spent in this place.
 B = Non-inter-level travel time spent in this place.
 C = Inter-level travel time spent in this place.
 D = Time resting spent in this place.
 E = Time spent auto-exploring this place.
 F = Levels seen in this place.
 G = Mean time per level.
                   A        B        C        D        E       F      G
               +--------+--------+--------+--------+--------+-----+--------+
         Total |   2298 |   2289 |      9 |     87 |   1873 |   2 | 1149.0 |
       Dungeon |   2298 |   2289 |      9 |     87 |   1873 |   2 | 1149.0 |
               +--------+--------+--------+--------+--------+-----+--------+

Top non-repeatable levels by time:
     D:1: 1271 daAuts
     D:2: 1027 daAuts
